 Dungeon Crawl Stone Soup version 0.29-a0-1023-g6ae1a4a2c7 (webtiles) character file.

Game seed: 16071472157978578719

12570 Monkooky the Fighter (level 12, -11/98 HPs)
             Began as a Djinni Fire Elementalist on Aug 10, 2022.
             Was a Priest of Ashenzari.
             Mangled by a minotaur
             ... wielding a +7 rapier of speed
              (37 damage)
             ... in a Gauntlet on Aug 11, 2022.
             The game lasted 00:39:55 (13693 turns).

Monkooky the Fighter (Djinni Fire Elementalist)    Turns: 13693, Time: 00:39:55

Health: -11/98     AC: 11    Str:  7    XL:     12   Next: 21%
Gold:   645        EV: 17    Int: 25    God:    Ashenzari [***...] SH:  0 Dex: 15

rFire   + + +      SeeInvis +   o - staff of earth
rCold   x . .      Faith    .   (no shield)
rNeg    . . .      Spirit   .   u - +2 leather armour of the Shattered Sky {rPois, Evo, Melee} (curse)
rPois   ∞          Reflect  .   F - +0 helmet of Ashenzari's Moon {Cun, Fort} (curse)
rElec   .          Harm     .   G - +0 cloak of the Esoteric Ether {Fort, Evo} (curse)
rCorr   .          Rampage  .   E - +2 pair of gloves "Lashed Together" {Cun, Self} (curse)
Will    ++...      Clarity  +   (boots unavailable)
Stlth   ++........ NoTele   +   (no amulet)
HPRegen 0.26/turn               S - ring of Xom's Fair Game {rF+ Will+ Int+4}
MPRegen 0.00/turn               K - ring "Bound With Me" {rPois, Cun, Range} (curse)

@: freezing walls, flying
A: sickness immunity, fire resistance 2, cold vulnerability 1, float, innate
caster, HP casting, extra vitality 1
a: Renounce Religion, Shatter the Chains


You were in a Gauntlet.
You worshipped Ashenzari.
Ashenzari was most pleased with you.
You visited 3 branches of the dungeon, and saw 14 of its levels.
You also visited: Gauntlet.

You collected 645 gold pieces.

Inventory:

Hand Weapons
 x - a +1 dagger of venom
 C - the +7 spear "Bung" {vorpal, rN+ Str+6 Dex-2}
   (You took it off a kobold on level 6 of the Dungeon)

   It inflicts extra damage upon your enemies.
   Str:       It affects your strength (+6).
   Dex:       It affects your dexterity (-2).
   rN:        It protects you from negative energy.
 M - a +2 demon trident of draining
Missiles
 B - 4 throwing nets
 N - 7 javelins
Armour
 a - a +0 robe
 r - a +0 pair of gloves
 u - the cursed +2 leather armour of the Shattered Sky (worn) {rPois, Evo, Melee}
   (You found it on level 4 of the Dungeon)

   It has a curse which improves the following skills: Evocations: Evocations.
   Melee Combat: Short Blades, Long Blades, Axes, Maces & Flails, Polearms,
   Staves and Unarmed Combat.
 E - the cursed +2 pair of gloves "Lashed Together" (worn) {Cun, Self}
   (You found it on level 7 of the Dungeon)

   It has a curse which improves the following skills: Cunning: Dodging and
   Stealth.
   Introspection: Fighting and Spellcasting.
 F - the cursed +0 helmet of Ashenzari's Moon (worn) {Cun, Fort}
   (You found it on level 8 of the Dungeon)

   It has a curse which improves the following skills: Cunning: Dodging and
   Stealth.
   Fortitude: Armour and Shields.
 G - the cursed +0 cloak of the Esoteric Ether (worn) {Fort, Evo}
   (You found it on level 8 of the Dungeon)

   It has a curse which improves the following skills: Fortitude: Armour and
   Shields.
   Evocations: Evocations.
 I - a +0 troll leather armour
 P - a +2 scale mail of willpower
Magical Staves
 o - a staff of earth (weapon)
 w - a staff of death
 A - a staff of cold
Jewellery
 l - a ring of wizardry
 K - the cursed ring "Bound With Me" (right hand) {rPois, Cun, Range}
   (You found it on level 10 of the Dungeon)

   [ring of poison resistance]

   rPois:     It protects you from poison.
   It has a curse which improves the following skills: Cunning: Dodging and
   Stealth.
   Ranged Combat: Ranged Weapons and Throwing.
 O - a ring of protection from fire
 S - the ring of Xom's Fair Game (left hand) {rF+ Will+ Int+4}
   (You found it in a Gauntlet)

   [ring of willpower]

   Int:       It affects your intelligence (+4).
   rF:        It protects you from fire.
   Will:      It increases your willpower.
Wands
 t - a wand of polymorph (17)
 y - a wand of roots (6)
 H - a wand of charming (2)
Scrolls
 b - 2 scrolls of blinking
 d - 4 scrolls of enchant weapon
 h - 2 scrolls of noise
 j - 2 scrolls of teleportation
 m - 6 scrolls of identify
 p - 3 scrolls of brand weapon
 s - a scroll of fog
 L - a scroll of magic mapping
 Q - a scroll of summoning
 R - a scroll of fear
Potions
 c - 4 potions of curing
 e - 3 potions of mutation
 f - a potion of ambrosia
 g - 3 potions of berserk rage
 i - 4 potions of brilliance
 k - 5 potions of flight
 n - 5 potions of haste
 q - 2 potions of lignification
 v - a potion of attraction
 z - a potion of resistance
 D - 3 potions of heal wounds
 J - 2 potions of invisibility


   Skills:
 - Level 11.8(13.4) Fighting
 + Level 1.8(3.0) Staves
 - Level 4.6(7.0) Armour
 - Level 8.0(11.2) Dodging
 - Level 2.0(4.3) Stealth
 - Level 8.0(9.6) Spellcasting
 - Level 6.0(8.5) Evocations


You had 4 spell levels left.
You knew the following spells:

 Your Spells              Type           Power      Damage    Failure   Level
a - Foxfire               Conj/Fire      100%       2x1d9     1%          1
b - Scorch                Fire           100%       2d10      1%          2
c - Conjure Flame         Conj/Fire      57%        6-21      1%          3
d - Inner Flame           Hex/Fire       57%        N/A       1%          3
e - Flame Wave            Conj/Fire      57%        2d14      1%          4
f - Necrotise             Necr           100%       1d9       1%          1
g - Searing Ray           Conj           100%       2d8       1%          2
h - Passwall              Tmut/Erth      61%        N/A       1%          2
i - Frozen Ramparts       Ice            100%       1d16      1%          3
j - Summon Mana Viper     Hex/Summ       57%        N/A       3%          5
Your spell library was empty.

Dungeon Overview and Level Annotations

Branches:
Dungeon (11/15)            Temple (1/1) D:7            Lair (0/5) D:10
    Orc (2/2) D:9             Elf (0/3) Orc:2       Gauntlet (1/1)

Altars:
Ashenzari
Cheibriados
Dithmenos
Elyvilon
Fedhas
Gozag
Hepliaklqana
Makhleb
Nemelex Xobeh
Okawaru
Qazlal
Ru
Trog
Uskayaw
Wu Jian
Xom
Yredelemnul
The Shining One

Shops:
D:8 !   D:11 *

Annotations:
D:7 exclusions: door and slime creature Gauntlet 7 transporters, 2 runed translucent doors, exclusion: 2 lightning spires


Innate Abilities, Weirdness & Mutations

You are immune to sickness and miasma.
You are immune to poison.
Your flesh is very heat resistant. (rF++)
You are vulnerable to cold. (rC-)
You float through the air rather than walking.
You learn spells naturally, not from books.
Your magical power is your life essence.
You have superior vitality. (+4 MHP)


Message History

Flames lash the minotaur but do no damage.
The wall freezes the minotaur but does no damage.
Unknown command.
Casting: Scorch (safe; 1% risk of failure)
Press: ? - help, Q - select action, (/) - cycle Dir - look around, f - activate Flames lash the minotaur but do no damage.
The wall freezes the minotaur!
Flame seeps out of the minotaur.
The minotaur hits you with a +7 rapier of speed.
The minotaur gores you!
Casting: Scorch (safe; 1% risk of failure)
Press: ? - help, Q - select action, (/) - cycle Dir - look around, f - activate Look: a minotaur, wielding a +7 rapier of speed, wearing a +4 plate armour and quivering javelins (flame, lightly wounded, inner flame)
Okay, then.
Press: ? - help, v - describe, . - travel
Here: a minotaur, wielding a +7 rapier of speed, wearing a +4 plate armour and quivering javelins (flame, lightly wounded, inner flame)
The floor.
Casting: Scorch (safe; 1% risk of failure)
Confirm with . or Enter, or press ? or * to list all spells.
Flames lash the minotaur but do no damage.
The wall freezes the minotaur but does no damage.
The minotaur hits you with a +7 rapier of speed!!
The minotaur closely misses you.
Unknown command.
Casting: Scorch (safe; 1% risk of failure)
Confirm with . or Enter, or press ? or * to list all spells.
Casting: Flame Wave (mildly dangerous; 1% risk of failure)
Press: ? - help, Dir - look around, f - activate A wave of flame ripples out!
The flame wave engulfs the minotaur but does no damage.
The minotaur is lightly wounded. (Press . to intensify the flame waves.)
The minotaur is engulfed in blazing flames.
Flame seeps out of the minotaur.
The wall freezes the minotaur.
Flame seeps out of the minotaur.
The minotaur hits you with a +7 rapier of speed!
The minotaur gores you!
* * * LOW HITPOINT WARNING * * *
The wall freezes the minotaur.
Flame seeps out of the minotaur.
The minotaur hits you with a +7 rapier of speed!!!
You die...

##$##.♣..##.. *
©#.©#.P...#.♣ *#.# ,
#+?##...♣.#......#*,*
.h###...P.#.©.##.#*, *
* 8h###.....#...##.. ,
#~ #####.....#.©.##.#
*.#, *
.......∩..#......#
'.,,
#####.....#.©.##.##.#
....#.....#...##@H..#,
~
...=#...P.#.©.##.##.#*
* ....#...♣.#......# *
###©#.PP..#.♣.##.# ,
###[#.♣..##...##...
###4#...###.♣.######
....#...≈##...#
#####...≈≈#####
......♣.≈##


You could see a minotaur (inner flame).

Vanquished Creatures
  A two-headed ogre (D:11)
  A tengu warrior (Gauntlet)
  Urug (D:11)
  Nergalle (D:11)
  An orc knight (Orc:2)
  An oklob plant (D:10)
  A smoke demon (Gauntlet)
  3 trolls
  2 hornets (D:9)
  3 shadows
  20 yaks
  2 wyverns
  3 steam dragons
  2 wargs
  An acid dragon (D:8)
  A water moccasin (D:7)
  3 orc warriors
  2 ice beasts
  A sky beast (D:7)
  2 black bears
  4 ogres
  3 centaurs
  A phantom (D:5)
  2 necrophages
  A gnoll sergeant (D:10)
  2 kobold brigands
  2 bullfrogs
  A scorpion (D:4)
  5 wights (D:8)
  6 killer bees (D:11)
  An electric eel (D:10)
  3 crimson imps (Gauntlet)
  6 orc priests
  2 jellies (D:6)
  A gnoll bouda (Orc:2)
  3 iguanas
  11 orc wizards
  10 gnolls
  11 adders
  A white imp (D:8)
  An ufetubus (D:7)
  3 worms (D:2)
  2 dart slugs
  21 orcs
  4 ball pythons
  7 bats
  5 endoplasms
  A giant cockroach (D:4)
  9 goblins
  13 hobgoblins
  3 jackals (D:2)
  17 kobolds
  3 quokkas
  7 frilled lizards
  4 rats
228 creatures vanquished.

Vanquished Creatures (collateral kills)
  A tengu conjurer (Gauntlet)
1 creature vanquished.

Vanquished Creatures (others)
  68 foxfires
  3 plants (D:10)
71 creatures vanquished.

Grand Total: 300 creatures vanquished

Notes
Turn   | Place    | Note
-------+----------+-------------------------------------------
     0 | D:1      | Monkooky the Djinni Fire Elementalist began the quest for
                  | the Orb.
     0 | D:1      | Monkooky set off with the following spells memorised:
                  | Foxfire, Scorch, Conjure Flame, Inner Flame, Flame Wave.
     0 | D:1      | Reached XP level 1. HP: 15/15 MP: 0/0
   330 | D:1      | Reached XP level 2. HP: 18/21 MP: 0/0
  1196 | D:2      | Reached XP level 3. HP: 23/25 MP: 0/0
  1196 | D:2      | Learned a level 1 spell: Necrotise
  1810 | D:2      | Reached XP level 4. HP: 30/31 MP: 0/0
  2110 | D:2      | Noticed a necrophage
  2114 | D:2      | Killed a necrophage
  2115 | D:2      | Reached XP level 5. HP: 25/35 MP: 0/0
  2115 | D:2      | Learned a level 2 spell: Searing Ray
  2376 | D:3      | Found a shimmering altar of Xom.
  2845 | D:3      | Found a faded altar of an unknown god.
  2905 | D:3      | Reached XP level 6. HP: 30/40 MP: 0/0
  3581 | D:4      | Reached skill level 5 in Spellcasting
  4130 | D:4      | Reached skill level 1 in Evocations
  4429 | D:5      | Entered Level 5 of the Dungeon
  4796 | D:5      | Reached XP level 7. HP: 40/45 MP: 0/0
  4796 | D:5      | Learned a level 2 spell: Passwall
  4979 | D:5      | Reached skill level 1 in Fighting
  5291 | D:6      | Reached skill level 2 in Fighting
  5521 | D:6      | Reached skill level 3 in Fighting
  5526 | D:6      | Reached XP level 8. HP: 47/58 MP: 0/0
  5529 | D:6      | Reached skill level 4 in Fighting
  5606 | D:6      | Found a bloodstained altar of Trog.
  5845 | D:6      | Reached skill level 5 in Fighting
  5909 | D:6      | Found a sparkling altar of Nemelex Xobeh.
  6141 | D:6      | Identified the +7 spear "Bung" {vorpal, rN+ Str+6 Dex-2}
  6241 | D:6      | Found a basalt altar of Yredelemnul.
  6247 | D:6      | Reached skill level 6 in Fighting
  6487 | D:7      | Found a staircase to the Ecumenical Temple.
  6508 | Temple   | Entered the Ecumenical Temple
  6773 | Temple   | Became a worshipper of Ashenzari the Shackled
  6972 | D:7      | Noticed a wyvern
  6977 | D:7      | Killed a wyvern
  6978 | D:7      | Reached skill level 7 in Fighting
  6978 | D:7      | Reached XP level 9. HP: 38/68 MP: 0/0
  6978 | D:7      | Learned a level 3 spell: Frozen Ramparts
  7270 | D:7      | Found a glowing golden altar of the Shining One.
  7272 | D:7      | Found a snail-covered altar of Cheibriados.
  7362 | D:7      | Reached skill level 8 in Fighting
  7975 | D:7      | Found a burning altar of Makhleb.
  7975 | D:7      | Noticed a slime creature
  7975 | D:7      | Noticed a slime creature
  7975 | D:7      | Noticed a slime creature
  8101 | D:7      | Found a white marble altar of Elyvilon.
  8289 | D:8      | Reached skill level 9 in Fighting
  8512 | D:8      | Reached skill level 10 in Fighting
  8813 | D:8      | Upgraded the game from 0.29-a0-1019-g84f7d21838 to
                  | 0.29-a0-1023-g6ae1a4a2c7
  8819 | D:8      | Reached skill level 11 in Fighting
  8819 | D:8      | Reached XP level 10. HP: 73/83 MP: 0/0
  8827 | D:8      | Found Coefoutu's Distillery.
  9471 | D:9      | Reached * piety under Ashenzari
  9884 | D:9      | Found a staircase to the Orcish Mines.
 10119 | D:9      | Reached ** piety under Ashenzari
 10665 | Orc:1    | Entered Level 1 of the Orcish Mines
 10683 | Orc:1    | Reached XP level 11. HP: 36/89 MP: 0/0
 10683 | Orc:1    | Learned a level 5 spell: Summon Mana Viper
 11002 | Orc:2    | Entered Level 2 of the Orcish Mines
 11003 | Orc:2    | Reached *** piety under Ashenzari
 11311 | Orc:2    | Noticed an orc knight
 11321 | Orc:2    | Killed an orc knight
 11322 | Orc:2    | Reached skill level 5 in Dodging
 11322 | Orc:2    | Found a staircase to the Elven Halls.
 11327 | Orc:2    | Noticed a cyclops
 11671 | D:10     | Entered Level 10 of the Dungeon
 12525 | D:10     | Noticed an oklob plant
 12529 | D:10     | Found a staircase to the Lair.
 12532 | D:10     | Killed an oklob plant
 12533 | D:10     | Reached skill level 1 in Armour
 12819 | D:11     | Noticed Urug
 12823 | D:11     | Noticed Nergalle
 12824 | D:11     | Killed Urug
 12828 | D:11     | Killed Nergalle
 12829 | D:11     | Reached skill level 5 in Evocations
 12871 | D:11     | Found Dapnolod's General Store.
 12951 | D:11     | Found a gate leading to a gauntlet.
 12953 | D:11     | Noticed a two-headed ogre
 12960 | D:11     | Killed a two-headed ogre
 12961 | D:11     | Reached XP level 12. HP: 52/98 MP: 0/0
 12973 | Gauntlet | Entered a Gauntlet
 12973 | Gauntlet | Found a transporter.
 12976 | Gauntlet | Noticed a tengu warrior
 13139 | Gauntlet | Found a transporter.
 13141 | Gauntlet | Found a transporter.
 13157 | Gauntlet | Found a transporter.
 13159 | Gauntlet | Found a transporter.
 13165 | Gauntlet | Noticed an eight-headed hydra
 13167 | Gauntlet | Found a transporter.
 13167 | Gauntlet | Identified the ring of Xom's Fair Game {rF+ Will+ Int+4}
 13183 | Gauntlet | Found a transporter.
 13185 | Gauntlet | Noticed a green death
 13192 | Gauntlet | Found a runed translucent door.
 13193 | Gauntlet | Found a transporter.
 13194 | Gauntlet | Found a runed translucent door.
 13200 | Gauntlet | Identified the amulet "Womeolal" {Faith Contam Rampage
                  | Dex+2}
 13203 | Gauntlet | Found a transporter.
 13203 | Gauntlet | Noticed a catoblepas
 13318 | Gauntlet | Found a transporter.
 13318 | Gauntlet | Found a transporter.
 13320 | Gauntlet | Found a transporter.
 13321 | Gauntlet | Found a runed translucent door.
 13340 | Gauntlet | Identified the +2 rapier "Keuroc" {flame, *Noise rElec
                  | rPois Str+9}
 13341 | Gauntlet | Found a transporter.
 13435 | Gauntlet | Killed a tengu warrior
 13618 | Gauntlet | Reached skill level 1 in Staves
 13684 | Gauntlet | Noticed a minotaur
 13693 | Gauntlet | Mangled by a minotaur

Illustrated notes

Levels and vault maps discovered:
D:1:      lightli_arrival_farm, layout_loops_ring
D:2:      layout_rooms, minmay_goblin_outpost
D:3:      layout_basic, lemuel_crystal_altar,
          hellmonk_ecumenical_altar_pennies_from_heaven, minmay_between
D:4:      layout_basic
D:5:      layout_cave_pods
D:6:      layout_basic, mainiacjoe_overflow_concentric_impassable,
          mainiacjoe_overflow_six_doors_small,
          mainiacjoe_overflow_small_starburst, lemuel_another_geyser
D:7:      layout_basic, lightli_temple_of_fire, nicolae_overflow_hidden_temple,
          minmay_temple_entry_arrows
D:8:      layout_rooms, kennysheep_orc_sif_temple, serial_shops,
          nicolae_shop_trees
D:9:      layout_irregular_city, orc_0_dummy, grunt_decor_resistance,
          skrybe_limestone_x
D:10:     layout_gridville, dpeg_oklobed_lair, fountainhead
D:11:     layout_roguey, gauntlet_entry_generic, serial_shops,
          nicolae_square_shop, chequers_decorated_corner, uniq_nergalle,
          uniq_urug
Temple:   nicolae_temple_slightly_damp_pantheon
Orc:1:    layout_caves, uniq_erica, uniq_fannar
Orc:2:    st_orc_mages, layout_caves, minmay_orc_keep
Gauntlet: minmay_gauntlet_77_tree [minmay_gauntlet_arena_77_squiggly,
          minmay_gauntlet_arena_77_path,
          minmay_gauntlet_arena_77_radiant_squares,
          minmay_gauntlet_arena_77_two_lines,
          minmay_gauntlet_arena_77_block_sizes,
          minmay_gauntlet_arena_77_cramped,
          minmay_gauntlet_arena_77_tiled_triplets, gauntlet_exit_watery]

Skill      XL: |  1  2  3  4  5  6  7  8  9 10 11 12 |
---------------+-------------------------------------+-----
Stealth        | 2 |  2.0
Spellcasting   | 3 4 5 7 8 |  8.0
Evocations     | 2 3 5 6 |  6.0
Fighting       | 3 7 11 | 11.8
Dodging        | 8 |  8.0
Armour         | 4 |  4.6
Staves         | 1 |  1.8

Action                   |  1- 3 |  4- 6 |  7- 9 | 10-12 || total
-------------------------+-------+-------+-------+-------++-------
Melee: Unarmed           |     1 |       |       |       ||     1
       Staff             |       |     1 |     4 |     2 ||     7
       Punch             |       |       |     1 |       ||     1
 Cast: Foxfire           |    37 |     3 |     2 |     1 ||    43
       Necrotise         |    32 |    32 |     2 |       ||    66
       Inner Flame       |       |     8 |    20 |    32 ||    60
       Scorch            |       |    42 |    61 |    95 ||   198
       Searing Ray       |       |     4 |     9 |     8 ||    21
       Flame Wave        |       |     1 |     3 |    12 ||    16
       Frozen Ramparts   |       |       |     2 |    12 ||    14
       Passwall          |       |       |     1 |       ||     1
       Summon Mana Viper |       |       |       |     1 ||     1
Invok: Curse Item        |       |       |     1 |     4 ||     5
  Use: Scroll            |       |       |     5 |     4 ||     9
 Stab: Sleeping          |       |       |     1 |       ||     1
Armor: Robe              |     3 |     3 |       |       ||     6
       Leather armour    |       |       |    24 |    18 ||    42
Dodge: Dodged            |     3 |     6 |    42 |    43 ||    94

Table legend: (Time is in decaauts)
 A = Elapsed time spent in this place.
 B = Non-inter-level travel time spent in this place.
 C = Inter-level travel time spent in this place.
 D = Time resting spent in this place.
 E = Time spent auto-exploring this place.
 F = Levels seen in this place.
 G = Mean time per level.
                   A        B        C        D        E       F      G
               +--------+--------+--------+--------+--------+-----+--------+
         Total |  13695 |  13448 |    247 |   2476 |   9116 |  15 |  913.0 |
       Dungeon |  11925 |  11693 |    232 |   1609 |   8766 |  11 | 1084.1 |
        Temple |    279 |    265 |     14 |      0 |    240 |   1 |  279.0 |
  Orcish Mines |    771 |    771 |      0 |    541 |    110 |   2 |  385.5 |
      Gauntlet |    718 |    718 |      0 |    326 |      0 |   1 |  718.0 |
               +--------+--------+--------+--------+--------+-----+--------+

Top non-repeatable levels by time:
     D:7: 1499 daAuts
     D:8: 1415 daAuts
     D:9: 1255 daAuts
     D:2: 1215 daAuts
     D:1: 1154 daAuts
    D:10: 1147 daAuts
     D:5: 1129 daAuts
     D:3: 1044 daAuts
     D:4: 1013 daAuts
     D:6: 897 daAuts
Gauntlet: 718 daAuts
   Orc:1: 696 daAuts
  Temple: 279 daAuts
    D:11: 153 daAuts
   Orc:2: 74 daAuts
